 Dungeon Crawl Stone Soup version 0.26-a0-652-gafc20e3620 (webtiles) character file.

Game seed: 10479933376107470422

131 tygod the Cutter (level 4, 0/27 HPs)
             Began as a Deep Elf Monk on Oct 3, 2020.
             Killed from afar by an orc wizard (8 damage)
             ... with a magic dart
             ... on level 2 of the Dungeon.
             The game lasted 00:07:21 (3251 turns).

tygod the Cutter (Deep Elf Monk)                    Turns: 3251, Time: 00:07:21

Health: 0/27       AC:  4    Str:  9    XL:     4   Next: 91%
Magic:  15/15      EV: 14    Int: 15    God:
Gold:   51         SH:  5    Dex: 17    Spells: 3/3 levels left

rFire    . . .     SeeInvis .   a - +0 short sword
rCold    . . .     Faith    .   (no shield)
rNeg     . . .     Spirit   .   c - +0 leather armour
rPois    +         Reflect  +   (no helmet)
rElec    .         Harm     .   (no cloak)
rCorr    .         Rampage  .   A - +0 pair of gloves
MR       .....                  (no boots)
Stlth    ++........             m - amulet of reflection
HPRegen  0.09/turn              d - ring of magical power
MPRegen  0.14/turn              j - ring of poison resistance

@: no status effects
A: no striking features
a: no special abilities


You were on level 2 of the Dungeon.
You visited 1 branch of the dungeon, and saw 4 of its levels.

You collected 51 gold pieces.

Inventory:

Hand Weapons
 a - a +0 short sword (weapon)
 u - a +0 shortbow
 y - a +0 dagger of venom
Missiles
 e - 14 stones (quivered)
 g - 7 boomerangs
 i - 3 javelins
 k - 4 arrows
 l - 19 bolts
Armour
 b - a +0 robe
 c - a +0 leather armour (worn)
 A - a +0 pair of gloves (worn)
Magical Staves
 n - an uncursed staff of poison
Jewellery
 d - a ring of magical power (left hand)
 f - an uncursed ring of magical power
 j - a ring of poison resistance (right hand)
 m - an amulet of reflection (around neck)
 w - a cursed amulet of inaccuracy {unknown}
Wands
 h - a wand of random effects (22)
Scrolls
 q - a scroll of enchant weapon {unknown}
 s - a scroll of fear
 x - a scroll of immolation {unknown}
Potions
 o - a potion of brilliance
 p - a potion of heal wounds {unknown}
 r - 2 potions of stabbing {unknown}
 t - 2 potions of mutation {unknown}
 v - a potion of curing {unknown}
 z - a potion of degeneration {unknown}


   Skills:
 + Level 2.9 Fighting
 + Level 4.2 Short Blades
 + Level 0.2 Throwing
 + Level 1.2 Armour
 + Level 4.1 Dodging
 + Level 3.4 Stealth


You had 3 spell levels left.
You didn't know any spells.
Your spell library was empty.

Dungeon Overview and Level Annotations

Branches:
Dungeon (4/15)
 Temple: D:4-7

Altars:
Makhleb

Annotations:
D:3 Grinder


Message History

You hit something. Something hits you.
You're too confused to move!
Something hits you.
You feel less confused.
You hear some strange, mumbled words.
A puff of flame appears from out of thin air!
The puff of flame hits you. Something barely misses you.
You hit something. You miss something. Something hits you but does no damage.
You closely miss something. Something hits you.
You hit something but do no damage. Something hits you but does no damage.
You miss something. Something hits you.
* * * LOW HITPOINT WARNING * * *
You hit something. You barely miss something.
Something hits you but does no damage.
You closely miss something.
You hear some strange, mumbled words.
A magic dart appears from out of thin air!
The magic dart hits you!
You die...

#### ...# ##.# #####
###### ##.#########...##
#....#
##.........#....###.##.#
##########.#.....##.##)#
####............{......#
...............>@##.####
#.##.###.#.###.#.##.#
#......#.#..........#
#.##.#.#.#.###.#.#########
.......#.................#
...†.....#.###.#....).#.##
...###########.######.#.#
..[............# #.#.#
#..############# #.#.#


There were no monsters in sight!

Vanquished Creatures
  Ijyb (D:4)
  4 adders
  3 oozes
  An adder skeleton (D:4)
  2 worms (D:3)
  2 dart slugs
  2 orcs (D:3)
  4 giant cockroaches
  4 hobgoblins
  3 jackals (D:1)
  4 kobolds
  A ball python skeleton (D:4)
  7 bats
  2 frilled lizards
  3 goblins
  3 rats
46 creatures vanquished.

Notes
Turn   | Place    | Note
-------+----------+-------------------------------------------
     0 | D:1      | tygod the Deep Elf Monk began the quest for the Orb.
     0 | D:1      | Reached XP level 1. HP: 13/13 MP: 3/3
   373 | D:1      | Reached XP level 2. HP: 13/18 MP: 4/4
  1184 | D:2      | You fall into a shaft and drop 2 floors!
  1184 | D:4      | Noticed Ijyb
  1217 | D:4      | Killed Ijyb
  1217 | D:4      | Reached XP level 3. HP: 22/22 MP: 5/5
  1381 | D:4      | Found a burning altar of Makhleb.
  1654 | D:3      | Reached skill level 1 in Armour
  1654 | D:3      | Reached XP level 4. HP: 10/27 MP: 6/6
  2250 | D:3      | Noticed Grinder
  3251 | D:2      | Killed from afar by an orc wizard

Illustrated notes

Levels and vault maps discovered:
D:1:      sevenhm_arrival_forest_fort_large_2, layout_basic
D:2:      layout_basic
D:3:      layout_rooms, eat_drink_and_be_merry_uskayaw,
          yredelemnul_altar_generic, uniq_grinder
D:4:      layout_loops_cross, cheibriados_altar_1, kennysheep_mini,
          lemuel_crystal_altar, led_sif_book, uniq_menkaure, uniq_ijyb

Skill      XL: |  1  2  3  4 |
---------------+-------------+-----
Dodging        | 4 |  4.1
Stealth        | 3 |  3.4
Armour         | 1 |  1.2
Short Blades   | 4 |  4.2
Fighting       | |  2.9
Throwing       | |  0.2

Action                   |  1- 3 |  4- 6 || total
-------------------------+-------+-------++-------
Melee: Short sword       |   134 |   143 ||   277
Throw: Stone             |    12 |    12 ||    24
  Use: Potion            |     3 |       ||     3
       Scroll            |     1 |     1 ||     2
 Stab: Sleeping          |     3 |     3 ||     6
Armor: Leather armour    |    27 |    14 ||    41
Dodge: Dodged            |    82 |    57 ||   139
Block: Other             |    10 |    23 ||    33

Table legend: (Time is in decaauts)
 A = Elapsed time spent in this place.
 B = Non-inter-level travel time spent in this place.
 C = Inter-level travel time spent in this place.
 D = Time resting spent in this place.
 E = Time spent auto-exploring this place.
 F = Levels seen in this place.
 G = Mean time per level.
                   A        B        C        D        E       F      G
               +--------+--------+--------+--------+--------+-----+--------+
         Total |   3226 |   3058 |    168 |    939 |   1290 |   4 |  806.5 |
       Dungeon |   3226 |   3058 |    168 |    939 |   1290 |   4 |  806.5 |
               +--------+--------+--------+--------+--------+-----+--------+

Top non-repeatable levels by time:
     D:1: 1145 daAuts
     D:2: 1004 daAuts
     D:3: 637 daAuts
     D:4: 438 daAuts
